 Dungeon Crawl Stone Soup version 0.24.0-28-g17ded55e90 (webtiles) character file.

Game seed: 2533466850375332362, levelgen mode: deterministic

517 Delamore the Cudgeler (level 7, 0/41 HPs)
             Began as a Gargoyle Fighter on Nov 12, 2019.
             Was an Initiate of Okawaru.
             Killed by divine providence
             ... invoked by an orc priest
              (14 damage)
             ... on level 4 of the Dungeon.
             The game lasted 00:06:37 (4071 turns).

Delamore the Cudgeler (Gargoyle Fighter)            Turns: 4071, Time: 00:06:38

Health: 0/41       AC: 12    Str: 21    XL:     7   Next: 20%
Magic:  7/7        EV:  7    Int:  9    God:    Okawaru [......]
Gold:   187        SH:  9    Dex:  9    Spells: 6/6 levels left

rFire    . . .     SeeInvis .   a - +0 flail
rCold    . . .     Gourm    .   c - +0 shield
rNeg     + . .     Faith    .   b - +0 scale mail
rPois    ∞         Spirit   .   (no helmet)
rElec    +         Reflect  .   r - +0 cloak
rCorr    .         Harm     .   (no gloves)
MR       .....                  (no boots)
Stlth    ..........             (no amulet)
HPRegen  0.13/turn              (no ring)
MPRegen  0.10/turn              (no ring)

@: no status effects
A: negative energy resistance 1, electricity resistance, unbreathing,
petrification resistance, rot immunity, AC +4
a: Renounce Religion


You were on level 4 of the Dungeon.
You worshipped Okawaru.
Okawaru was noncommittal.
You were not hungry.

You visited 1 branch of the dungeon, and saw 4 of its levels.

You collected 187 gold pieces.

Inventory:

Hand Weapons
 a - a +0 flail (weapon)
 q - a +0 morningstar
Armour
 b - a +0 scale mail (worn)
 c - a +0 shield (worn)
 r - a +0 cloak (worn)
Jewellery
 p - a +3 ring of intelligence {unknown}
Wands
 m - a wand of polymorph (12)
Scrolls
 g - 2 scrolls of enchant armour {unknown}
 j - 2 scrolls of identify {unknown}
 l - a scroll of enchant weapon {unknown}
 n - a scroll of random uselessness {unknown}
 o - 2 scrolls of teleportation {unknown}
Potions
 d - a potion of might
 e - 4 potions of heal wounds {unknown}
 h - a potion of lignification {unknown}
 i - 4 potions of curing {unknown}
 k - 2 potions of mutation {unknown}
 t - a potion of degeneration {unknown}
Comestibles
 f - 7 rations
 s - 5 chunks of flesh


   Skills:
 - Level 3.2 Fighting
 + Level 7.7 Maces & Flails
 - Level 3.2 Armour
 - Level 3.2 Shields


You had 6 spell levels left.
You didn't know any spells.
Your spell library was empty.

Dungeon Overview and Level Annotations

Branches:
Dungeon (4/15)
 Temple: D:4-7

Altars:
Ashenzari
Fedhas
Okawaru
Vehumet


Innate Abilities, Weirdness & Mutations

You are resistant to torment.
Your stone body is resilient. (AC +4)
You are immune to poison.
You resist negative energy. (rN+)
You are resistant to electric shocks. (rElec)
You can survive without breathing.
You are immune to petrification.
You are immune to rotting.


Message History

The orc is lightly wounded.
You block the iguana's attack. The orc completely misses you.
The orc priest looks encouraged for a moment.
The orc throws a stone.
The stone barely misses you.
You hit the orc.
You kill the orc!
Okawaru accepts your kill. The iguana barely misses you.
The orc priest invokes the aid of Beogh against you.
Pain shoots through your body!
You barely miss the iguana. The iguana barely misses you.
An orc comes into view. It is wielding a +0 flail.
The iguana barely misses you.
The orc priest mumbles some strange prayers to Beogh against you.
Beogh smites you!
The orc moves out of view.
You barely miss the iguana. The orc hits you but does no damage.
The iguana bites you!
The orc priest calls down the wrath of Beogh upon you.
Beogh smites you!
You die...

.......o..#.....#
................+
#...###.....#
#...(.......+
#####...(#......#
.......#(#÷.....#
###...#o.......#
#.#....olo..#####
#......@#.#.#########
#.#.#[.(............#
#....###...........
#...# #...........
###. #........... ..
#........... ##.
#..#########
#...†.....#
#.........#####


You could see an iguana, an orc priest and 2 orcs.

Vanquished Creatures
  Sigmund (D:3)
  A hound (D:4)
  2 orc priests (D:3)
  A worker ant (D:4)
  A worker ant zombie (D:3)
  3 gnolls (D:3)
  10 adders
  An ooze (D:3)
  2 dart slugs (D:3)
  6 leopard geckos
  9 orcs
  4 giant cockroaches
  7 goblins
  6 hobgoblins
  17 jackals
  6 kobolds
  A quokka (D:2)
  A ball python (D:4)
  A ball python skeleton (D:2)
  5 bats
  4 frilled lizards
  A jackal skeleton (D:2)
  2 leopard gecko skeletons
  A leopard gecko zombie (D:2)
  12 rats
105 creatures vanquished.

Notes
Turn   | Place    | Note
-------+----------+-------------------------------------------
     0 | D:1      | Delamore the Gargoyle Fighter began the quest for the Orb.
     0 | D:1      | Reached XP level 1. HP: 14/14 MP: 1/1
   172 | D:1      | Reached XP level 2. HP: 16/19 MP: 2/2
   680 | D:2      | Reached skill level 3 in Maces & Flails
   693 | D:2      | Reached XP level 3. HP: 14/23 MP: 3/3
   919 | D:2      | Reached skill level 4 in Maces & Flails
   985 | D:2      | Reached XP level 4. HP: 28/28 MP: 4/4
  1331 | D:2      | Found a blossoming altar of Fedhas.
  1764 | D:3      | Reached skill level 5 in Maces & Flails
  1768 | D:3      | Reached XP level 5. HP: 26/32 MP: 5/5
  1771 | D:3      | HP: 1/32 [orc priest/divine providence (14)]
  2809 | D:3      | Reached skill level 6 in Maces & Flails
  2817 | D:3      | Reached XP level 6. HP: 17/37 MP: 6/6
  3055 | D:3      | Noticed Sigmund
  3188 | D:3      | Killed Sigmund
  3188 | D:3      | Reached skill level 7 in Maces & Flails
  3309 | D:3      | Reached XP level 7. HP: 35/41 MP: 7/7
  3338 | D:3      | Found a shattered altar of Ashenzari.
  3592 | D:3      | Found an iron altar of Okawaru.
  3596 | D:3      | Found a radiant altar of Vehumet.
  3604 | D:3      | Became a worshipper of Warmaster Okawaru
  4071 | D:4      | Killed from afar by an orc priest

Levels and vault maps discovered:
D:1:      elethiomel_arrival_diamonds, layout_basic
D:2:      layout_basic, serial_undead, serial_undead_e, serial_undead_c,
          serial_undead_c, serial_undead_f, fedhas_altar_4
D:3:      layout_basic, lemuel_coloured_pillars_altar,
          grunt_temple_overflow_open, uniq_sigmund
D:4:      layout_basic, eat_drink_and_be_merry_uskayaw,
          minmay_temple_entry_purple_smoke

Skill      XL: |  1  2  3  4  5  6 |
---------------+-------------------+-----
Maces & Flails | 3 4 5 6 7 |  7.7
Fighting       | |  3.2
Armour         | |  3.2
Shields        | |  3.2

Action                   |  1- 3 |  4- 6 |  7- 9 || total
-------------------------+-------+-------+-------++-------
Melee: Flail             |   102 |   262 |    89 ||   453
Throw: Throwing net      |       |     1 |       ||     1
  Eat: Chunk             |       |     8 |     3 ||    11
Armor: Scale mail        |   116 |   209 |    53 ||   378
Dodge: Dodged            |    65 |   126 |    48 ||   239
Block: Shield            |    87 |   179 |    56 ||   322
